 Dungeon Crawl Stone Soup version 0.29-a0-1027-gcd8c55af63 (webtiles) character file.

Game seed: 14588113995653153023

74 DungeonMaster the Chucker (level 4, 32/32 HPs)
             Began as a Demonspawn Wanderer on Aug 13, 2022.
             Quit the game on level 3 of the Dungeon.
             The game lasted 00:05:35 (2977 turns).

DungeonMaster the Chucker (Demonspawn Wanderer)     Turns: 2977, Time: 00:05:36

Health: 32/32      AC:  7    Str: 10    XL:     4   Next: 9%
Magic:  7/7        EV: 10    Int: 19    God:
Gold:   163        SH:  4    Dex: 11    Spells: 3/7 levels left

rFire   . . .      SeeInvis .   a - +1 dagger (venom)
rCold   . . .      Faith    .   c - +0 buckler
rNeg    . . .      Spirit   .   e - +0 robe
rPois   .          Reflect  .   m - +2 helmet
rElec   .          Harm     .   f - +1 cloak
rCorr   .          Rampage  .   (no gloves)
Will    .....                   (no boots)
Stlth   +.........              (no amulet)
HPRegen 0.10/turn               (no ring)
MPRegen 0.10/turn               (no ring)

@: no status effects
A: claws 2, demonic guardian 1
a: no special abilities


You were on level 3 of the Dungeon.
You visited 1 branch of the dungeon, and saw 3 of its levels.

You collected 163 gold pieces.

Inventory:

Hand Weapons
 a - a +1 dagger of venom (weapon)
Missiles
 b - 3 curare-tipped darts (quivered)
 h - 25 stones
Armour
 c - a +0 buckler (worn)
 e - a +0 robe (worn)
 f - a +1 cloak (worn)
 m - a +2 helmet (worn)
Magical Staves
 j - a staff of poison
 o - a staff of conjuration
 s - a staff of air
Scrolls
 d - 4 scrolls of teleportation
 p - a scroll of magic mapping
 q - a scroll of fog {unknown}
Potions
 g - 2 potions of invisibility {unknown}
 i - 2 potions of might
 k - a potion of brilliance
 l - 4 potions of curing {unknown}
 n - a potion of degeneration {unknown}
 r - 2 potions of haste {unknown}


   Skills:
 - Level 1.0 Fighting
 - Level 3.6 Throwing
 - Level 1.0 Armour
 - Level 2.6 Shields
 * Level 2.2 Spellcasting
 * Level 0.3 Conjurations
 * Level 0.2 Air Magic
 - Level 2.2 Poison Magic


You had 3 spell levels left.
You knew the following spells:

 Your Spells              Type           Power      Damage    Failure   Level
a - Sting                 Tmut/Pois      24%        1d4       14%         1
d - Mephitic Cloud        Conj/Pois/Air  5%         N/A       41%         3

Your spell library contained the following spells:

 Spells                   Type           Power      Damage    Failure   Level


Dungeon Overview and Level Annotations

Branches:
Dungeon (3/15)

Altars:
Yredelemnul

Shops:
D:2 !


Innate Abilities, Weirdness & Mutations

You have very sharp fingernails.
A weak demonic guardian rushes to your aid.


Message History

A goblin comes into view. It is wielding a +0 club.
The goblin shouts!
The goblin unwields a +0 club.
The goblin wields a +0 sling.
The goblin shoots a sling bullet.
The sling bullet barely misses you.
You hear an angry hiss.
Found a bubbling emerald potion.
Found 10 gold pieces.
The goblin shoots a sling bullet.
The sling bullet misses you.
Found 9 gold pieces.
The goblin unwields a +0 sling.
The goblin wields a +0 club.
The goblin closely misses you.
You hit the goblin.
You kill the goblin!
Things that are here:
a +0 club; a +0 sling A ball python comes into view.
The ball python barely misses you. x2
The ball python bites you but does no damage.
The ball python grabs you. The ball python constricts you.
You hit the ball python but do no damage.
You block the ball python's attack. The ball python constricts you.
You closely miss the ball python. The ball python barely misses you.
The ball python constricts you.
You hit the ball python.
You kill the ball python!
You see here a ball python corpse.
You now have 154 gold pieces (gained 10).
l - 4 bubbling emerald potions (gained 1)
You now have 163 gold pieces (gained 9).
Found a leather armour.
You open the door.
There is an open door here.
A bat, an orc and an adder come into view.
The orc shouts!
The adder hisses angrily.
You hear a shout!
You barely miss the adder. The bat hits you but does no damage.
The adder bites you but does no damage. The adder closely misses you.
You barely miss the adder. The bat hits you but does no damage.
The adder barely misses you.
You barely miss the adder. The bat hits you but does no damage. x2
The bat barely misses you. The adder closely misses you.
Are you sure you want to abandon this character and quit the game? (Confirm with "yes".)

##......##.#
##...)..##..
##......##..
##......##ob
##......##..
##......##..
##.....†##.o##
#......###.bS###
#+#......###@..###
###......###...#
###......###.#
###......#'# #
###......#[#
###......#
###..### ####


You could see an adder, an orc and a bat.

Vanquished Creatures
  3 adders
  5 ball pythons
  3 bats
  5 endoplasms
  3 giant cockroaches
  4 goblins
  4 hobgoblins
  A quokka (D:1)
  3 frilled lizards (D:1)
  6 kobolds
  6 rats
43 creatures vanquished.

Vanquished Creatures (collateral kills)
  An endoplasm (D:2)
  A hobgoblin (D:2)
2 creatures vanquished.

Vanquished Creatures (others)
  A fungus (D:1)
  3 plants (D:1)
4 creatures vanquished.

Grand Total: 49 creatures vanquished

Notes
Turn   | Place    | Note
-------+----------+-------------------------------------------
     0 | D:1      | DungeonMaster the Demonspawn Wanderer began the quest for
                  | the Orb.
     0 | D:1      | DungeonMaster set off with the following items: a +0 vorpal
                  | dagger, 3 curare-tipped darts, a +0 buckler, a scroll of
                  | teleportation, a +0 robe; and the following spell
                  | memorised: Sting; and the following spells available to
                  | memorise: Mephitic Cloud.
     0 | D:1      | Reached XP level 1. HP: 15/15 MP: 2/2
   612 | D:1      | Gained mutation: A weak demonic guardian rushes to your
                  | aid. [demonic ancestry]
   612 | D:1      | Reached XP level 2. HP: 20/21 MP: 4/4
  1117 | D:1      | Found a faded altar of an unknown god.
  1692 | D:2      | Found a basalt altar of Yredelemnul.
  1770 | D:2      | Gained mutation: You have sharp fingernails. [demonic
                  | ancestry]
  1770 | D:2      | Reached XP level 3. HP: 5/26 MP: 5/5
  2118 | D:2      | Found Paxtaddao's Distillery.
  2635 | D:2      | Learned a level 3 spell: Mephitic Cloud
  2825 | D:3      | Gained mutation: You have very sharp fingernails. [demonic
                  | ancestry]
  2825 | D:3      | Reached XP level 4. HP: 25/32 MP: 4/7
  2977 | D:3      | Quit the game

Illustrated notes

Levels and vault maps discovered:
D:1:      dpeg_arrival_round_a, layout_basic, dreamdust_ecumenical_altar_grove,
          serial_park_tiny_1
D:2:      layout_rooms, basic_altar, serial_shops, shop
D:3:      minmay_razor_zed, layout_loops_ring, ebering_ghost_inner_flame

Skill      XL: |  1  2  3 |
---------------+----------+-----
Shields        | 2 |  2.6
Poison Magic   | 2 |  2.2
Spellcasting   | 2 |  2.2
Fighting       | |  1.0
Throwing       | |  3.6
Armour         | |  1.0
Conjurations   | |  0.3
Air Magic      | |  0.2

Action                   |  1- 3 |  4- 6 || total
-------------------------+-------+-------++-------
Melee: Dagger            |   137 |     7 ||   144
 Cast: Sting             |     4 |       ||     4
  Use: Scroll            |     6 |       ||     6
Armor: Robe              |    41 |     6 ||    47
Dodge: Dodged            |    61 |    10 ||    71
Block: Buckler           |    21 |     1 ||    22

Table legend: (Time is in decaauts)
 A = Elapsed time spent in this place.
 B = Non-inter-level travel time spent in this place.
 C = Inter-level travel time spent in this place.
 D = Time resting spent in this place.
 E = Time spent auto-exploring this place.
 F = Levels seen in this place.
 G = Mean time per level.
                   A        B        C        D        E       F      G
               +--------+--------+--------+--------+--------+-----+--------+
         Total |   2983 |   2897 |     86 |    900 |   1523 |   3 |  994.3 |
       Dungeon |   2983 |   2897 |     86 |    900 |   1523 |   3 |  994.3 |
               +--------+--------+--------+--------+--------+-----+--------+

Top non-repeatable levels by time:
     D:1: 1821 daAuts
     D:2: 822 daAuts
     D:3: 340 daAuts
